 Dungeon Crawl Stone Soup version 0.29.1-15-g9cfb28693d (webtiles) character file.

Game seed: 13449936301379031424

2618 Horez the Protected (level 9, -6/79 HPs)
             Began as a Minotaur Berserker on Apr 25, 2023.
             Was a Priest of Trog.
             Mangled by a komodo dragon (9 damage)
             ... on level 9 of the Dungeon.
             The game lasted 00:23:26 (4878 turns).

Horez the Protected (Minotaur Berserker)            Turns: 4878, Time: 00:23:26

Health: -6/79      AC: 15    Str: 26    XL:     9   Next: 34%
Magic:  8/8        EV:  8    Int:  4    God:    Trog [***...]
Gold:   205        SH:  0    Dex: 10    Spells: 8/8 levels left

rFire   . . .      SeeInvis .   q - +3 rapier (venom)
rCold   . . .      Faith    .   (no shield)
rNeg    . . .      Spirit   .   p - +0 plate armour
rPois   .          Reflect  .   (helmet restricted)
rElec   .          Harm     .   (no cloak)
rCorr   .          Rampage  .   h - +0 pair of gloves
Will    .....                   (no boots)
Stlth   ..........              (no amulet)
HPRegen 0.23/turn               f - +4 ring of slaying
MPRegen 0.11/turn               (no ring)

@: no status effects
A: horns 2, retaliatory headbutt
a: Renounce Religion, Berserk, Trog's Hand


You were on level 9 of the Dungeon.
You worshipped Trog.
Trog was most pleased with you.
You visited 1 branch of the dungeon, and saw 9 of its levels.

You collected 205 gold pieces.

Inventory:

Hand Weapons
 a - a +0 mace
 m - a +2 dagger of electrocution
 q - a +3 rapier of venom (weapon)
Armour
 h - a +0 pair of gloves (worn)
 p - a +0 plate armour (worn)
Jewellery
 f - a +4 ring of slaying (left hand)
Scrolls
 c - a scroll of teleportation {unknown}
 g - a scroll of enchant armour {unknown}
 j - 5 scrolls of identify {unknown}
 k - 2 scrolls of blinking {unknown}
 r - a scroll of immolation {unknown}
 s - a scroll of vulnerability {unknown}
Potions
 d - a potion of brilliance
 e - 4 potions of curing {unknown}
 i - 2 potions of magic {unknown}
 l - 2 potions of might {unknown}
 n - a potion of degeneration {unknown}
 o - a potion of lignification {unknown}


   Skills:
 * Level 7.1 Fighting
 - Level 7.3(7.4) Short Blades
 * Level 1.4(5.2) Long Blades
 + Level 7.4 Maces & Flails
 * Level 8.5 Armour
 * Level 4.0 Dodging
 - Level 1.2 Stealth


You had 8 spell levels left.
You didn't know any spells.
Your spell library was empty.

Dungeon Overview and Level Annotations

Branches:
Dungeon (9/15)               Lair (0/5) D:8
 Temple: D:4-7          Orc: D:9-12

Altars:


Innate Abilities, Weirdness & Mutations

You have a pair of horns on your head.
You reflexively headbutt those who attack you in melee.


Message History

You feel less confused.
You miss something. Something hits you but does no damage.
You puncture something! Trog accepts your kill.
Trog appreciates your killing of a magic user.
Reactivating autopickup.
You feel a bit more experienced.
Your Dodging skill increases to level 4!
You start resting.
HP restored.
There is a stone staircase leading up here.
You climb upwards.
You hear the hiss of flowing sand.
There is an entrance to an ossuary on this level.
Hurry and find it before the portal is buried!
The walls and floor vibrate strangely for a moment.
The komodo dragon bites you!! The orc hits you with a +0 mace.
There is a stone staircase leading down, spattered with blood here.
You barely miss the komodo dragon. You headbutt the komodo dragon!
The komodo dragon is lightly wounded.
The komodo dragon bites you! The orc hits you but does no damage.
You closely miss the komodo dragon.
You headbutt the komodo dragon, but do no damage.
The komodo dragon is lightly wounded.
The komodo dragon bites you!!
* * * LOW HITPOINT WARNING * * *
The orc closely misses you. The komodo dragon bites you!!
* * * LOW HITPOINT WARNING * * *
The orc hits you but does no damage.
You climb downwards.
There is a stone staircase leading up here.
You puncture the komodo dragon!
The komodo dragon looks as sick as possible!
The komodo dragon is moderately wounded.
The orc hits you but does no damage.
The komodo dragon bites you but does no damage.
You barely miss the komodo dragon. You headbutt the komodo dragon.
The komodo dragon is heavily wounded.
The komodo dragon bites you!
You die...

###
..#
#.#
#.#
####.#
#....#
#.l@.#
#.o=##
##.##
#.#
#.#
...
#<#
#.#


You could see a komodo dragon (extremely poisoned) and an orc.

Vanquished Creatures
  Grinder (D:4)
  Eustachio (D:4)
  A steam dragon (D:7)
  An ice beast (D:6)
  An orc warrior (D:8)
  2 ogres (D:5)
  3 centaurs
  4 bullfrogs
  A scorpion (D:8)
  3 wights (D:7)
  8 killer bees (D:7)
  3 howler monkeys (D:8)
  A jelly (D:7)
  2 hounds (D:5)
  5 orc priests
  2 iguanas (D:5)
  Natasha (twice) (D:2)
  6 orc wizards
  A mummy (D:8)
  A gnoll (D:8)
  4 adders
  A shadow imp (D:5)
  A white imp (D:8)
  A dart slug (D:1)
  21 orcs
  5 ball pythons
  5 bats
  An endoplasm (D:1)
  A hobgoblin (D:3)
  A kobold (D:1)
  3 quokkas
  4 goblins
  A rat (D:2)
98 creatures vanquished.

Vanquished Creatures (others)
  35 fungi
  45 plants
80 creatures vanquished.

Grand Total: 178 creatures vanquished

Notes
Turn   | Place    | Note
-------+----------+-------------------------------------------
     0 | D:1      | Horez the Minotaur Berserker began the quest for the Orb.
     0 | D:1      | Reached XP level 1. HP: 19/19 MP: 0/0
   437 | D:1      | Reached XP level 2. HP: 27/27 MP: 1/1
   693 | D:2      | Noticed Natasha
   701 | D:2      | Killed Natasha
   702 | D:2      | Reached XP level 3. HP: 26/33 MP: 2/2
  1157 | D:2      | Noticed Natasha
  1170 | D:2      | Killed Natasha
  1171 | D:2      | Reached skill level 5 in Maces & Flails
  1171 | D:2      | Reached XP level 4. HP: 24/41 MP: 3/3
  1434 | D:4      | Noticed Eustachio
  1459 | D:4      | Killed Eustachio
  1460 | D:4      | Reached skill level 5 in Fighting
  1460 | D:4      | Reached skill level 3 in Armour
  1460 | D:4      | Reached XP level 5. HP: 31/48 MP: 4/4
  1480 | D:4      | Noticed Grinder
  1520 | D:4      | Killed Grinder
  1520 | D:4      | Reached ** piety under Trog
  1521 | D:4      | Reached XP level 6. HP: 15/56 MP: 5/5
  1852 | D:4      | Reached skill level 4 in Armour
  2008 | D:5      | Entered Level 5 of the Dungeon
  2135 | D:5      | Reached XP level 7. HP: 61/61 MP: 6/6
  2160 | D:5      | Reached skill level 1 in Short Blades
  2346 | D:5      | Reached skill level 5 in Armour
  2734 | D:6      | Reached XP level 8. HP: 49/69 MP: 7/7
  2856 | D:6      | Reached skill level 6 in Armour
  3195 | D:7      | Reached skill level 5 in Short Blades
  3523 | D:7      | Reached skill level 7 in Armour
  3598 | D:7      | Reached skill level 1 in Stealth
  3796 | D:7      | Reached *** piety under Trog
  3799 | D:7      | Reached XP level 9. HP: 38/78 MP: 8/8
  4460 | D:8      | Reached skill level 8 in Armour
  4501 | D:8      | Reached skill level 1 in Long Blades
  4531 | D:8      | HP: 2/79 [orc priest/divine providence (14)]
  4534 | D:8      | Noticed a komodo dragon
  4538 | D:9      | HP: 3/79 [something (1)]
  4875 | D:8      | HP: 2/79 [komodo dragon (19)]
  4878 | D:9      | Mangled by a komodo dragon

Illustrated notes

Levels and vault maps discovered:
D:1:      matt_arrival_spirals, layout_basic, chequers_ecumenical_altar_twisty
D:2:      layout_loops_corners, dreamdust_mushroom_princess,
          kennysheep_generic_room_10, uniq_natasha
D:3:      layout_loops_corners, gammafunk_ghost_split, serial_forest,
          infiniplex_forest_clump_double, infiniplex_forest_clump_small,
          infiniplex_forest_clump_diagonal, infiniplex_forest_corner_1,
          infiniplex_forest_straight_2, infiniplex_forest_clump_curved,
          serial_shops, nicolae_shop_advertising_works
          [nicolae_subvault_shop_adworks], dk_vineyard_1, minmay_misc_feat_iff,
          kennysheep_generic_room_3
D:4:      wad_woods_stonehenge, layout_basic, pdpol_wu_jian_five_deadly_venoms,
          uniq_grinder, uniq_eustachio
D:5:      layout_rooms, mainiacjoe_overflow_six_doors_small,
          chequers_serial_rivers_large_b, minmay_misc_feat_cross, st_stairs_5,
          hex_large
D:6:      layout_basic, grunt_qazlal_sundering, grunt_temple_overflow_open,
          minmay_temple_entry_drinking_statues
D:7:      layout_cave_pools, grunt_decor_junction,
          ebering_dispersal_statue_hall, chequers_serial_rivers_room_b
D:8:      layout_gridville, due_lair_maze_entry_diamond,
          nicolae_ossuary_entry_giza, minmay_fountain_box
D:9:      layout_loops_ring, nicolae_gozag_seed_capital,
          minmay_orc_entry_temple_small, minmay_misc_feat_four_crosses,
          kennysheep_generic_room_14, uniq_psyche, uniq_prince_ribbit1

Skill      XL: |  1  2  3  4  5  6  7  8  9 |
---------------+----------------------------+-----
Fighting       | 4 5 6 7 |  7.1
Maces & Flails | 4 5 6 7 |  7.4
Armour         | 3 4 5 7 8 |  8.5
Dodging        | 3 4 |  4.0
Short Blades   | 4 7 |  7.3
Stealth        | 1 |  1.2
Long Blades    | 1 |  1.4

Action                   |  1- 3 |  4- 6 |  7- 9 || total
-------------------------+-------+-------+-------++-------
Melee: Mace              |    31 |    34 |       ||    65
       Punch             |     1 |       |       ||     1
       Headbutt          |     2 |    14 |    40 ||    56
       Rapier            |       |    25 |   168 ||   193
  Use: Scroll            |     1 |       |     1 ||     2
       Potion            |       |     1 |       ||     1
Armor: Animal skin       |     8 |       |       ||     8
       Ring mail         |    11 |    11 |       ||    22
       Plate armour      |       |    14 |   182 ||   196
Dodge: Dodged            |    34 |    24 |    81 ||   139
